 Dungeon Crawl Stone Soup version 0.29-a0-275-g389c0b56f3 (webtiles) character file.

Game seed: 528689347387379560

18 spaghetti the Sneak (level 2, -1/22 HPs)
             Began as an Octopode Delver on Mar 13, 2022.
             Slain by an adder (3 damage)
             ... on level 5 of the Dungeon.
             The game lasted 00:00:17 (44 turns).

spaghetti the Sneak (Octopode Delver)                 Turns: 44, Time: 00:00:17

Health: -1/22      AC:  1    Str: 11    XL:     2   Next: 70%
Magic:  2/2        EV: 13    Int: 12    God:
Gold:   0          SH:  0    Dex: 13    Spells: 1/1 levels left

rFire   . . .      SeeInvis .   a - +0 mace {mace}
rCold   . . .      Faith    .   (no shield)
rNeg    . . .      Spirit   .   (helmet restricted)
rPois   .          Reflect  .   (no amulet)
rElec   .          Harm     .   (no ring)
rCorr   .          Rampage  .   (no ring)
Will    .....                   (no ring)
Stlth   ++++......              (no ring)
HPRegen 0.07/turn               (no ring)
MPRegen 0.08/turn               (no ring)
                                (no ring)
                                (no ring)

@: hasted, very quick
A: almost no armour, amphibious, 8 rings, camouflage 1, gelatinous body 1,
(nimble swimmer 1), tentacles
a: no special abilities


You were on level 5 of the Dungeon.
You visited 1 branch of the dungeon, and saw 1 of its levels.


Innate Abilities, Weirdness & Mutations

You cannot wear most types of armour.
You are amphibious.
You can wear up to eight rings at the same time.
Your skin changes colour to match your surroundings (Stealth+).
Your rubbery body absorbs attacks. (AC +1, EV +1)
((You are camouflaged when in or above water. (Stealth+)))
You have tentacles for arms and can constrict up to eight enemies at once.


   Skills:
 + Level 3.9 Fighting
 - Level 2.0 Maces & Flails
 - Level 2.0 Dodging
 - Level 6.6 Stealth


You had one spell level left.
You didn't know any spells.
Your spell library was empty.

Inventory:

Hand Weapons
 a - a +0 mace (weapon) {mace}
Wands
 f - a wand of digging (3)
Scrolls
 b - a scroll of fog
 c - a scroll of magic mapping {!r}
 d - a scroll of fear

Dungeon Overview and Level Annotations

Branches:
Dungeon (5/15)
 Temple: D:4-7

Altars:

### g.# # #
####g##.# .#
#..S)g..# .# #@#
.# #.#####.#
#.......#
################.#
................)#
.#..##........####
...#.#...##....#
##.#..#..##...##
##...##...##.##


You could see a gnoll shaman, 2 gnolls and an adder.


Message History

🤖 Initializing magus.rc ...
Options error: Delay interrupt name "hungry" not recognised. (~/.crawlrc:4761) Options error: Bad monster_list_colour key: strict_neutral (~/.crawlrc:4776) ✅ Successfully initialized magus.rc [v1.9.6] Welcome, spaghetti the Octopode Delver.
The incredible Orb of Zot lies far below, as if waiting for you to find it.
Press ? for a list of commands and other information.
Found two stone staircases leading down and a stone staircase leading up.
A gnoll shaman comes into view.
It is wielding a +0 whip. 2 gnolls come into view.
You feel yourself speed up.
The helpless gnoll fails to defend itself.
You hit the gnoll. You grab the gnoll. You constrict the gnoll.
The gnoll shouts!
You hear a shout! x2; You hear an angry hiss.
The gnoll closely misses you.
You hit the gnoll. You squeeze the gnoll.
You kill the gnoll!
You have reached level 2! 😎 HP[+5] MP[+1]
You now have 21 max hp (+5).
Your hp is fully restored (21).
Your mp is fully restored (2).
You closely miss the gnoll. You grab the gnoll. You constrict the gnoll.
The gnoll shaman calls upon its god to speed up the gnoll.
The gnoll seems to speed up.
The gnoll barely misses you.
A gnoll comes into view. It is wielding a +0 spear.
You hit the gnoll.
You constrict the gnoll, but do no damage.
The gnoll misses you.
You hit the gnoll. You constrict the gnoll. The gnoll hits you with a +0 club.
An adder comes into view. 😕 HP[-5]
You take 5 damage, and now have 16/21 hp.
MASSIVE DAMAGE!! (PAUSE)
The adder hisses angrily.
You hit the gnoll.
You kill the gnoll!
The gnoll hits you from afar with a +0 spear.
The gnoll shaman hits you with a +0 whip. 😮 HP[-3]
You now have 22 max hp (+1).
You take 3 damage, and now have 13/22 hp.
You hit the gnoll shaman but do no damage.
You grab the gnoll shaman.
You constrict the gnoll shaman, but do no damage.
A gnoll comes into view.
It is wielding a +2 flail of protection.
The gnoll shaman hits you with a +0 whip!
* * * LOW HITPOINT WARNING * * *
The adder bites you.
* * * LOW HITPOINT WARNING * * *
The gnoll barely misses you. 😱 HP[-11]
You take 11 damage, and now have 2/22 hp.
MASSIVE DAMAGE!! (PAUSE)
You release your grip on the gnoll shaman.
The adder attacks as you move away! The adder bites you.
You die...

Action                   || total
-------------------------++-------
Melee: Mace              ||     7
       Constrict         ||     3
       Tentacles         ||     1
  Use: Potion            ||     1
 Stab: Sleeping          ||     1
Dodge: Dodged            ||     4

Levels and vault maps discovered:
D:5:      layout_loops_cross, lemuel_mausoleum_altar_yredelemnul,
          minmay_temple_entry_mist, serial_shops, shop, minmay_misc_feat_rugged

Notes
Turn   | Place    | Note
-------+----------+-------------------------------------------
     0 | D:5      | spaghetti the Octopode Delver began the quest for the Orb.
     0 | D:5      | Reached XP level 1. HP: 16/16 MP: 1/1
     0 | D:5      | magus.rc [v1.9.6]
    31 | D:5      | Noticed a gnoll shaman
    39 | D:5      | Reached XP level 2. HP: 21/21 MP: 2/2
    43 | D:5      | HP: 3/22 [gnoll shaman/+0 whip (10)]
    44 | D:5      | Slain by an adder

Vanquished Creatures
  2 gnolls (D:5)
2 creatures vanquished.

Table legend:
 A = Non-vault XP
 B = Vault XP
 C = Vault XP percentage of total XP
 D = Non-vault monster count
 E = Vault monster count
 F = Vault count percentage of total count
                 A         B        C        D         E       F
            +---------+---------+-------+---------+---------+-------
      Total |      27 |       0 |   0.0 |       2 |       0 |   0.0
            +---------+---------+-------+---------+---------+-------
        D:5 |      27 |       0 |   0.0 |       2 |       0 |   0.0
            +---------+---------+-------+---------+---------+-------

Illustrated notes

Table legend:
 A = Kills in this place as a percentage of kills in entire the game.
 B = Kills by you in this place as a percentage of kills by you in the entire game.
 C = Kills by friends in this place as a percentage of kills by friends in the entire game.
 D = Other kills in this place as a percentage of other kills in the entire game.
 E = Experience gained in this place as a percentage of experience gained in the entire game.
 F = Experience gained in this place divided by the number of levels of this place that you have seen.
                   A       B       C       D       E      F
               +-------+-------+-------+-------+-------+----------------------
         Total | 100.0 | 100.0 |   N/A |   N/A | 100.0 |  27.0
       Dungeon | 100.0 | 100.0 |   N/A |   N/A | 100.0 |  27.0
               +-------+-------+-------+-------+-------+----------------------

Table legend: (Time is in decaauts)
 A = Elapsed time spent in this place.
 B = Non-inter-level travel time spent in this place.
 C = Inter-level travel time spent in this place.
 D = Time resting spent in this place.
 E = Time spent auto-exploring this place.
 F = Levels seen in this place.
 G = Mean time per level.
                   A        B        C        D        E       F      G
               +--------+--------+--------+--------+--------+-----+--------+
         Total |     42 |     42 |      0 |      0 |     31 |   1 |   42.0 |
       Dungeon |     42 |     42 |      0 |      0 |     31 |   1 |   42.0 |
               +--------+--------+--------+--------+--------+-----+--------+

Top non-repeatable levels by time:
     D:5: 42 daAuts
